Vis, lawful male human Samurai ---- ----- ---- ---..--- --...-- |..| |......| ----- |.....| |..-- ---......-- --...| |-....-- --...------ ---- |.........| |....|--- --......-- --......--.---- |..-- |........-- |....--.----........----.............- |...| --..--...| ---..........................-...........| --..--- |-.--.--- |.........--.............................--- --...| --.)...| -.......------..........---................| ---.---|....----- ..|..--.-- |..........|--..........(.....| |...|-..).||..| -.------- |...---.<.--|.................--- ----- |...|...---|..| --..| |...| --..................| |...| --......----.-- ---- |..-- --..................--|...----....)%.....| ---- |.........%...>.---..|--...--.....-------- -- -...............----.---..........--- ... ....................................| ----.----------------.............------------........| ...^I............(...............-- |....--.-- -------------------------------.-- ---.----- --- --- Vis the Ninja Experience level: 7 Strength: 18/02 Dexterity: 13 Constitution: 18 Intelligence: 10 Wisdom: 9 Charisma: 6 Health: 0(81) Energy: 19(19) Def: 1 Gold: 870 Moves: 4121 Dungeon seed: 46xCtq90z9IvjkON Game ID: Vis_1497178302 Your Inventory: Coins $ - 870 gold pieces Amulets O - an uncursed amulet of magical breathing (being worn) Weapons a - a +0 katana (weapon in hand) c - a +0 yumi (alternate weapon; not wielded) d - 24 +0 ya (in quiver) m - a +0 magical dagger Armor q - an uncursed +0 pair of low boots r - an uncursed +0 pair of jumping boots (being worn) Comestibles i - 6 uncursed gunyoki Scrolls j - an uncursed scroll of light w - 2 uncursed scrolls of blank paper x - a blessed scroll of blank paper D - an uncursed scroll of enchant weapon I - an uncursed scroll of magic mapping N - a blessed scroll of teleportation U - a cursed scroll of confuse monster W - a blessed scroll of create monster Spellbooks k - a blessed spellbook of light R - an uncursed spellbook of finger of death T - a cursed spellbook of wizard lock Potions g - an uncursed potion of invisibility l - 2 uncursed potions of healing o - an uncursed potion of object detection H - an uncursed potion of fruit juice P - an uncursed potion of hallucination S - an uncursed potion of gain energy V - a cursed potion of restore ability Wands K - a wand of striking (0:0) Tools f - an uncursed oil lamp (0:1461) u - an uncursed skeleton key A - a magic marker (0:93) E - an uncursed magic lamp (lit) G - an uncursed towel J - an uncursed tallow candle (0:200) Gems b - 2 uncursed worthless pieces of yellowish brown glass e - an uncursed worthless piece of black glass p - 2 uncursed worthless pieces of orange glass t - an uncursed worthless piece of blue glass y - 3 uncursed amethyst stones z - 6 uncursed worthless pieces of white glass B - 7 uncursed rocks C - an uncursed worthless piece of red glass F - 2 uncursed worthless pieces of yellow glass M - an uncursed worthless piece of violet glass Y - an uncursed jade stone Spells and supernatural/magical abilities: Name Level Category Fail Memory l - light 1 divination 60% 98% W - pray for help -- divine ? -- Y - supernatural jump -- ability ? -- Your skills at the end: Fighting Skills martial arts [Basic] wands [Basic] Weapon Skills short sword [Basic] long sword [Skilled] bow [Basic] Spellcasting Skills Final Attributes: You were piously aligned. You were fire resistant. You were blinded. You could jump. You could survive without air. You were fast. You were lucky. You are dead. Vanquished creatures: a ghost 2 shocking spheres a dwarf king a red naga an orc-captain 2 giant spiders a housecat a human zombie a wood nymph a water nymph 4 Mordor orcs an orc shaman a yellow light 7 gnome lords 4 gnomish wizards a kobold mummy a red naga hatchling 2 black naga hatchlings a gray ooze a paper golem a floating eye 2 kittens 4 dwarves 2 homunculi 2 kobold lords a kobold shaman 2 hill orcs 2 rothes 2 centipedes 3 orc zombies 3 iguanas 2 acid blobs 2 gas spores 2 hobbits a large kobold a hobgoblin 3 yellow molds 49 gnomes 2 garter snakes 4 gnome zombies 7 geckos 3 jackals 2 foxes 2 goblins a sewer rat 3 grid bugs 2 bats 4 lichens 2 kobold zombies 3 newts 154 creatures vanquished. Voluntary challenges: You used a wielded weapon 174 times, starting on turn 56. You read items or engraved 3 times, starting on turn 619. You never genocided any monsters. You never polymorphed an object. You never changed form. You used no wishes. You never split a pudding. You never wrote Elbereth's name. You never violated your personal moral code. Dungeon overview: The Dungeons of Doom: levels 1 to 6 Level 1 some fountains a long staircase Level 2 a general store, a fountain stairs to The Gnomish Mines Level 3 a jewelry store Level 4 Level 5 many fountains Level 6 The Gnomish Mines: levels 3 to 10 Level 3 stairs to The Dungeons of Doom Level 4 Level 5 Level 6 some shops, a temple to Raijin, some fountains Level 7 <- You were here Level 8 Level 9 Level 10 History has recorded: On T:1 you entered the Dungeons of Doom to retrieve the Amulet of Yendor! On T:253 you reached level 2 of The Dungeons of Doom. On T:271 you advanced to experience level 2. On T:420 you reached level 3 of The Dungeons of Doom. On T:558 you advanced to experience level 3. On T:582 you reached level 1 of The Gnomish Mines. On T:616 you advanced to experience level 4. On T:638 you reached level 2 of The Gnomish Mines. On T:713 you advanced to experience level 5. On T:867 you reached level 3 of The Gnomish Mines. On T:1145 you reached level 4 of The Gnomish Mines. On T:1449 you advanced to experience level 6. On T:1731 you reached level 4 of The Dungeons of Doom. On T:2032 you reached level 5 of The Dungeons of Doom. On T:2335 you reached level 6 of The Dungeons of Doom. On T:2885 you reached level 5 of The Gnomish Mines. On T:3029 you advanced to experience level 7. On T:3109 you reached level 6 of The Gnomish Mines. On T:3330 you reached level 7 of The Gnomish Mines. On T:3427 you reached level 8 of The Gnomish Mines. Score breakdown: Gold: 870 (10000 points) Experience: 7 levels (13645 points) Exploration: 10 levels ( 19.61%) (12727 points) Discoveries: 12 items ( 4.84%) ( 6599 points) Valuables value: (no points given unless you survive) Artifact value: 0 ( 0 points) Variety of kills: 50 monsters ( 13.05%) (10839 points) Turncount: 4121 turns (-1068 points) Survival: died (score multiplied by 80%) Total score: 42193 Latest messages: You are momentarily blinded by a flash of light! Wait! There's something there you can't see! It pretends to be friendly. (2x) It hits! (2x) It just misses! It hits! (2x) It bites! You hit it. She seduces you and you start taking off your armor. She stole a +0 dwarvish mithril-coat. It pretends to be friendly. It hits! (2x) It bites! You finish disrobing. You hit it. It stole an uncursed ring of levitation. It hits! (2x) It bites! You attack thin air. You hear a distant squeak. It hits! (2x) It bites! You hit it. You hear a distant squeak. It hits! You die... Final status: Sayonara Vis the Samurai, killed by a lynx... You died in The Gnomish Mines on dungeon level 7 with 42193 points, and 870 pieces of gold, after 4121 moves. You were level 7 with a maximum of 81 hit points when you died.